 Dungeon Crawl Stone Soup version 0.19-a0-559-ga3d69d0 (webtiles) character file.

21 ololoev the Firebug (level 2, -5/15 HPs)
             Began as a Deep Elf Fire Elementalist on June 8, 2016.
             Slain by an iguana (9 damage)
             ... on level 4 of the Dungeon.
             The game lasted 00:01:43 (296 turns).

ololoev the Firebug (Deep Elf Fire Elementalist)     Turns: 296, Time: 00:01:44

Health: -5/15      AC:  2    Str:  5    XL:     2   Next: 65%
Magic:  4/8        EV: 13    Int: 19    God:
Gold:   64         SH:  0    Dex: 15    Spells: 1 memorised, 6 levels left

rFire  . . .     SeeInvis .     (no weapon)
rCold  . . .     Gourm    .     a - +0 robe
rNeg   . . .     Faith    .     (no shield)
rPois  .         Spirit   .     (no helmet)
rElec  .         Dismiss  .     (no cloak)
rCorr  .         Reflect  .     (no gloves)
SustAt .         Harm     .     (no boots)
MR     .....                    (no amulet)
Stlth  ++........               (no ring)
                                (no ring)

@: not resistant to hostile enchantments, unstealthy
A: no striking features
a: no special abilities

Inventory:

Armour
 a - a +0 robe (worn)
Scrolls
 d - a scroll of teleportation {unknown}
 f - 2 scrolls of identify {unknown}
Potions
 e - a potion of berserk rage {unknown}
 g - a potion of curing {unknown}
Books
 b - a book of Flames

   Spells                             Type                      Level
   a - Flame Tongue                   Conjuration/Fire             1
   b - Throw Flame                    Conjuration/Fire             2
   c - Conjure Flame                  Conjuration/Fire             3
   d - Inner Flame                    Hexes/Fire                   3
   e - Sticky Flame                   Conjuration/Fire             4
   f - Fireball                       Conjuration/Fire             5
Comestibles
 c - a bread ration


   Skills:
 - Level 2.4 Dodging
 - Level 2.4 Stealth
 + Level 3.3 Spellcasting
 * Level 2.3 Conjurations
 + Level 3.5 Fire Magic


You had 6 spell levels left.
You knew the following spells:

 Your Spells              Type           Power        Failure   Level  Hunger
a - Flame Tongue          Conj/Fire      ##...        6%          1    None


You were on level 4 of the Dungeon.
You were not hungry.

You visited 1 branch of the dungeon, and saw 4 of its levels.

You collected 64 gold pieces.

###?..#>..#
..........#
.....l)..#
....... #....
##..# #...##
...##..#..lo#
.......#..@.#
#.......#....#
#.......#....#
#.. ....#....#
#... #..##...#
#...##..##...#
+............#
#............#
#............#

Notes
Turn   | Place    | Note
--------------------------------------------------------------
     0 | D:1      | ololoev the Deep Elf Fire Elementalist began the quest for the Orb.
     0 | D:1      | Reached XP level 1. HP: 10/10 MP: 6/6
    71 | D:2      | Found a sacrificial altar of Ru.
   157 | D:2      | Reached XP level 2. HP: 14/15 MP: 0/8
   296 | D:4      | Slain by an iguana

Dungeon Overview and Level Annotations

Branches:
Dungeon (4/15)
 Temple: D:4-7

Altars:
Ru


Message History

You climb downwards.
Found a stone staircase leading up and a stone staircase leading down.
There is a stone staircase leading up here.
There is a stone staircase leading up here.
You climb upwards.
There is a stone staircase leading down here.
You climb downwards.
There is a stone staircase leading up here.
There is a stone staircase leading down here.
You climb downwards.
Found a scroll labeled CUOFOI LEUH.
There is a stone staircase leading up here.
f - 2 scrolls labeled CUOFOI LEUH (gained 1)
Found a stone staircase leading up.
An adder skeleton comes into view.
There is a stone staircase leading up here.
You climb upwards.
An adder and a hobgoblin come into view.
Found 15 sling bullets.
There is a stone staircase leading down here.
You climb downwards.
There is a stone staircase leading up here.
Casting: Flame Tongue
Confirm with . or Enter, or press ? or * to list all spells.
Aiming: Flame Tongue
Press: ? - help, Shift-Dir - straight line, f - adder skeleton
Aim: an adder skeleton The flame tongue hits the adder skeleton.
Casting: Flame Tongue
Confirm with . or Enter, or press ? or * to list all spells.
Aiming: Flame Tongue
Press: ? - help, Shift-Dir - straight line, f/p - adder skeleton
Aim: an adder skeleton The flame tongue hits the adder skeleton.
Casting: Flame Tongue
Confirm with . or Enter, or press ? or * to list all spells.
Aiming: Flame Tongue
Press: ? - help, Shift-Dir - straight line, f/p - adder skeleton
Aim: an adder skeleton The flame tongue hits the adder skeleton.
You destroy the adder skeleton!
You open the door.
There is an open door here.
There is a stone staircase leading up here.
Found a war axe and a scroll labeled VASHIPTATRO.
Found a stone staircase leading down.
An iguana and an orc come into view.
The iguana hisses angrily.
The orc shouts!
Casting: Flame Tongue
Confirm with . or Enter, or press ? or * to list all spells.
Aiming: Flame Tongue
Press: ? - help, Shift-Dir - straight line, f - iguana
Aim: an iguana The flame tongue misses the iguana.
Casting: Flame Tongue
Confirm with . or Enter, or press ? or * to list all spells.
Aiming: Flame Tongue
Press: ? - help, Shift-Dir - straight line, f/p - iguana
Aim: an iguana The flame tongue hits the iguana.
The iguana appears unharmed.
Casting: Flame Tongue
Confirm with . or Enter, or press ? or * to list all spells.
Aiming: Flame Tongue
Press: ? - help, Shift-Dir - straight line, f/p - iguana
Aim: an iguana The flame tongue hits the iguana.
The iguana is moderately wounded.
The iguana bites you!
Ouch! That really hurt!
Casting: Flame Tongue
Confirm with . or Enter, or press ? or * to list all spells.
Aiming: Flame Tongue
Press: ? - help, Shift-Dir - straight line, f/p - iguana
Aim: an iguana (moderately wounded)
The flame tongue hits the iguana.
The iguana is heavily wounded.
The iguana bites you!
Ouch! That really hurt!
You die...

You could see an iguana and an orc.

Vanquished Creatures
  A gnoll (D:2)
  An adder skeleton (D:4)
  A worm (D:2)
  A dart slug (D:1)
  2 giant newts
  A rat (D:2)
7 creatures vanquished.

Action                   || total
-------------------------++-------
 Cast: Flame Tongue      ||    23
Dodge: Dodged            ||     5

Vault maps used:
D:1:      saegor_arrival_simple_b
D:2:      overflow_temple_1_default, uniq_natasha
D:3:      lemuel_doored_altar
D:4:      overflow_temple_1_default, dancing_weapons_uskayaw, uniq_grinder,
          uniq_robin
